 Seeded DCSS version 0.30-a0-297-g0ec75d9ef4 (webtiles) character file.

Game seed: 11101825915740201366 (custom seed)

15259 purpskrrrp the Bludgeoner (level 11, -2/87 HPs)
             Began as a Troll Fighter on Oct 19, 2022.
             Was a Believer of Hepliaklqana.
             Killed from afar by an electric eel (9 damage)
             ... with a bolt of electricity
             ... on level 12 of the Dungeon.
             The game lasted 00:18:42 (11471 turns).

purpskrrrp the Bludgeoner (Troll Fighter)          Turns: 11471, Time: 00:18:42

Health: -2/87      AC:  7    Str: 45    XL:     11   Next: 99%
Magic:  10/10      EV:  9    Int:  2    God:    Hepliaklqana [**....]
Gold:   762        SH:  8    Dex: 12    Spells: 10/10 levels left

rFire   + . .      SeeInvis .    g - +5 demon whip (venom)
rCold   + . .      Faith    .    b - +0 kite shield
rNeg    . . .      Spirit   .    J - +2 robe {rC+ rF+}
rPois   .          Reflect  .    (helmet restricted)
rElec   .          Harm     .    e - +0 cloak
rCorr   .          Rampage  .    (gloves unavailable)
Will    .....      Clarity  +    (boots unavailable)
Stlth   +.........               (no amulet)
HPRegen 1.14/turn                f - +6 ring of strength
MPRegen 0.12/turn                i - +6 ring of strength

@: no status effects
A: reduced essence, large, unfitting armour, claws 3, regeneration 1, shaggy fur
1, tough skin 1, talons 1, agile 1, clarity, strong 1
a: Renounce Religion, Recall Ancestor, Ancestor Identity


You were on level 12 of the Dungeon.
You worshipped Hepliaklqana.
Hepliaklqana was pleased with you.
You visited 2 branches of the dungeon, and saw 13 of its levels.
You visited the Abyss 1 time.
You also visited: Sewer.

You collected 970 gold pieces.
You spent 208 gold pieces at shops.

Inventory:

Hand Weapons
 g - a +5 demon whip of venom (weapon)
Missiles
 I - 5 throwing nets (quivered)
Armour
 a - a +0 robe
 b - a +0 kite shield (worn)
 e - a +0 cloak (worn)
 y - a +0 troll leather armour
 J - a +2 robe of resistance (worn)
Jewellery
 f - a +6 ring of strength (left claw)
 i - a +6 ring of strength (right claw)
 j - a ring of protection from fire
 m - a ring of ice
 o - a ring of protection from cold
 u - a ring of poison resistance
 x - an amulet of guardian spirit
 G - a ring of protection from fire
 H - a ring of wizardry
Wands
 s - a wand of quicksilver (5)
 C - a wand of flame (10)
Scrolls
 l - 2 scrolls of identify
 n - a scroll of amnesia {unknown}
 v - a scroll of magic mapping
 D - 3 scrolls of teleportation
 K - 3 scrolls of fear
Potions
 c - 2 potions of might
 d - 2 potions of ambrosia
 h - 4 potions of curing
 k - 3 potions of cancellation
 p - 4 potions of mutation
 q - 3 potions of attraction
 r - 2 potions of resistance {unknown}
 t - 4 potions of brilliance
 w - 2 potions of haste {unknown}
 z - 4 potions of flight {unknown}
 A - 3 potions of lignification
 B - a potion of berserk rage {unknown}
 E - 2 potions of invisibility
 F - a potion of degeneration {unknown}


   Skills:
 + Level 3.6 Fighting
 + Level 16.8 Maces & Flails
 + Level 2.3 Armour
 - Level 2.4 Dodging
 + Level 4.0 Shields
 - Level 2.6 Unarmed Combat


You had 10 spell levels left.
You didn't know any spells.
Your spell library contained the following spells:

 Spells                   Type           Power      Damage    Failure   Level
 Slow                     Hex            0%         N/A       83%         1
 Sublimation of Blood     Necr           0%         N/A       92%         2
 Wereblood                Tmut           0%         N/A       92%         2
 Confusing Touch          Hex            0%         N/A       99%         3
 Vampiric Draining        Necr           0%         2d6       99%         3
 Summon Hydra             Summ           0%         N/A       100%        7


Dungeon Overview and Level Annotations

Branches:
Dungeon (12/15)            Temple (1/1) D:7            Lair (0/5) D:11
    Orc (0/2) D:12          Sewer (visited)

Altars:
Ashenzari
Cheibriados
Dithmenos
Elyvilon
Fedhas
Gozag
Hepliaklqana
Kikubaaqudgha
Makhleb
Nemelex Xobeh
Okawaru
Qazlal
Ru
Sif Muna
Trog
Uskayaw
Vehumet
Wu Jian
Xom
Yredelemnul
Zin
The Shining One

Shops:
D:2 *   D:7 *(!([


Innate Abilities, Weirdness & Mutations

Your life essence is reduced to manifest your ancestor. (-10% HP)
You are too large for most types of armour.
You have claws for hands.
Your natural rate of healing is unusually fast.
You are covered in fur. (AC +1)
You have tough skin. (AC +1)
You have sharp toenails.
You are agile. (Dex +4, Str/Int -1)
You possess an exceptional clarity of mind.
Your muscles are strong. (Str +4, Int/Dex -1)


Message History

You enter the shallow water.
Moving in this stuff is going to be slow.
The electric eel shoots out a bolt of lightning at you!
The bolt of electricity hits you!
The boulder beetle curls into a ball and begins rolling!
The electric eel shoots out a bolt of lightning at you!
The bolt of electricity hits you!
Bintanath hits the boulder beetle but does no damage.
The boulder beetle hits you!!
* * * LOW HITPOINT WARNING * * *
The boulder beetle stops rolling and uncurls.
The electric eel shoots out a bolt of lightning at you!
The bolt of electricity hits you!
* * * LOW HITPOINT WARNING * * *
You are too injured to fight recklessly!
You are too injured to fight recklessly!
You are too injured to fight recklessly!
You are too injured to fight recklessly!
You are too injured to fight recklessly!
You are too injured to fight recklessly!
You are too injured to fight recklessly!
You are too injured to fight recklessly!
You are too injured to fight recklessly!
You are too injured to fight recklessly!
You are too injured to fight recklessly!
You are too injured to fight recklessly!
You are too injured to fight recklessly!
You are too injured to fight recklessly!
You are too injured to fight recklessly!
You are too injured to fight recklessly!
You are too injured to fight recklessly!
You are too injured to fight recklessly!
Unknown command.
You whack the boulder beetle!
The boulder beetle looks as sick as possible!
You claw the boulder beetle.
You kill the boulder beetle!
The electric eel shoots out a bolt of lightning at you!
The bolt of electricity hits you!
You die...

...~.~.~.~.. (..
...)..~.~?.# #####....
.~.~...≈.~.#### #........
....~.~.~..#..# #........
.~...(.~......# #........
............).# #........
.~............###........
....~.~.~.~...........#.#
.~.~....@....####........
~.~.~.~.R.~........<.....
...~.....°..#####.#...#.#
~.....~.......#...#......
.~.~........#.#.#.#..####
.S.~.^.~.~##.#.##.......
≈.~................###..
.~.~.~...~##.......# .
........#..##


You could see the friendly Bintanath the battlemage and an electric eel (ally
target).

Vanquished Creatures
  Harold (D:10)
  3 two-headed ogres
  A boulder beetle (D:12)
  Nergalle (D:11)
  An emperor scorpion zombie (Abyss:1)
  A manticore (D:11)
  A gargoyle (D:5)
  An unseen horror (D:10)
  A komodo dragon (D:11)
  2 trolls (D:11)
  Grinder (D:5)
  3 wyverns
  Eustachio (D:5)
  16 yaks
  2 vampires
  3 steam dragons (D:8)
  A wraith (D:11)
  A basilisk (D:11)
  A vampire mosquito (D:11)
  2 wargs (D:11)
  5 water moccasins
  An acid dragon (D:11)
  3 orc warriors
  A black bear (D:6)
  4 ice beasts
  2 ogres
  6 sky beasts
  2 centaurs
  A phantom (D:4)
  A kobold brigand (D:9)
  Blork the orc (D:5)
  3 gnoll sergeants
  A scorpion (D:4)
  3 bullfrogs
  10 wights
  5 killer bees (D:9)
  3 howler monkeys
  7 orc priests
  2 hounds
  A gnoll bouda (D:8)
  Crazy Yiuf (D:5)
  10 orc wizards
  11 iguanas
  Robin (D:4)
  24 gnolls
  14 adders
  A white imp (D:6)
  3 ufetubi
  2 worms
  2 dart slugs
  36 orcs
  5 endoplasms
  15 giant cockroaches
  18 goblins
  9 hobgoblins
  7 jackals
  11 kobolds
  5 quokkas
  14 ball pythons
  4 bats
  14 frilled lizards
  9 rats
322 creatures vanquished.

Vanquished Creatures (collateral kills)
  A deep elf pyromancer (D:12)
  A vampire mosquito (D:11)
  A wight (D:10)
  An orc wizard (D:11)
  An orc (D:10)
5 creatures vanquished.

Vanquished Creatures (others)
  2 ancestors (D:11)
  11 plants (D:11)
13 creatures vanquished.

Grand Total: 340 creatures vanquished

Notes
Turn   | Place    | Note
-------+----------+-------------------------------------------
     0 | D:1      | purpskrrrp the Troll Fighter began the quest for the Orb.
     0 | D:1      | Reached XP level 1. HP: 22/22 MP: 0/0
   209 | D:1      | Identified a scroll of acquirement
   209 | D:1      | Acquired a +3 demon whip of venom
   362 | D:1      | Reached XP level 2. HP: 29/29 MP: 1/1
   744 | D:2      | Reached skill level 1 in Maces & Flails
   815 | D:2      | Found Sezesipe's Assorted Antiques.
  1020 | D:2      | Reached XP level 3. HP: 36/36 MP: 2/2
  1137 | D:2      | Reached skill level 2 in Maces & Flails
  1434 | D:3      | Reached XP level 4. HP: 42/44 MP: 3/3
  1459 | D:3      | Reached skill level 3 in Maces & Flails
  1591 | D:3      | Found a glowing drain.
  1948 | Sewer    | Entered a sewer
  2001 | Sewer    | Reached XP level 5. HP: 50/50 MP: 4/4
  2011 | Sewer    | Reached skill level 4 in Maces & Flails
  2189 | Sewer    | Reached skill level 5 in Maces & Flails
  2189 | Sewer    | Reached XP level 6. HP: 57/59 MP: 5/5
  3133 | D:4      | Reached skill level 6 in Maces & Flails
  3213 | D:4      | Found a radiant altar of Vehumet.
  3263 | D:4      | Found a blossoming altar of Fedhas.
  3337 | D:4      | Reached XP level 7. HP: 66/66 MP: 6/6
  3497 | D:4      | Reached skill level 7 in Maces & Flails
  3827 | D:4      | Noticed Robin
  3846 | D:4      | Killed Robin
  4141 | D:5      | Entered Level 5 of the Dungeon
  4145 | D:5      | Noticed Blork the orc
  4153 | D:5      | Killed Blork the orc
  4254 | D:5      | Reached skill level 8 in Maces & Flails
  4374 | D:5      | Reached XP level 8. HP: 48/74 MP: 7/7
  4433 | D:5      | Noticed Eustachio
  4448 | D:5      | Killed Eustachio
  4560 | D:5      | Reached skill level 9 in Maces & Flails
  4668 | D:5      | Found a runed translucent door.
  4669 | D:5      | Noticed Crazy Yiuf
  4743 | D:5      | Noticed Grinder
  4745 | D:5      | Paralysed by Grinder for 3 turns
  4758 | D:5      | Killed Grinder
  4759 | D:5      | Found the +7 captain's cutlass {speed, disarm}
  4799 | D:5      | Noticed a gargoyle
  4806 | D:5      | Killed a gargoyle
  4807 | D:5      | Reached skill level 10 in Maces & Flails
  4986 | D:5      | Reached XP level 9. HP: 36/80 MP: 8/8
  5136 | D:5      | Killed Crazy Yiuf
  5219 | D:6      | Reached skill level 11 in Maces & Flails
  5775 | D:6      | Reached skill level 12 in Maces & Flails
  5940 | D:7      | Found Nier's Antique Armour Boutique.
  5940 | D:7      | Found Sumuj's Weapon Shoppe.
  5992 | D:7      | Found Voppal's Antique Weapon Boutique.
  6036 | D:7      | Found Wipnuaga's General Store.
  6044 | D:7      | Bought a potion of mutation for 96 gold pieces
  6044 | D:7      | Gained mutation: You are agile. (Dex +4, Str/Int -1)
                  | [potion of mutation]
  6044 | D:7      | Gained mutation: Your muscles are strong. (Str +4, Int/Dex
                  | -1) [potion of mutation]
  6044 | D:7      | Gained mutation: You have sharp toenails. [potion of
                  | mutation]
  6044 | D:7      | Gained mutation: You possess an exceptional clarity of
                  | mind. [potion of mutation]
  6290 | D:7      | You fall into a shaft and drop 2 floors!
  6416 | D:9      | Noticed a two-headed ogre
  6423 | D:9      | Killed a two-headed ogre
  6424 | D:9      | Reached skill level 13 in Maces & Flails
  6424 | D:9      | Reached XP level 10. HP: 60/88 MP: 9/9
  6591 | D:9      | HP: 2/88 [gnoll/+0 halberd[a gnoll sergeant] (5)]
  7482 | D:8      | Noticed a two-headed ogre
  7489 | D:8      | Killed a two-headed ogre
  7503 | D:8      | Reached skill level 14 in Maces & Flails
  8386 | D:8      | Reached skill level 15 in Maces & Flails
  8705 | D:7      | Found a staircase to the Ecumenical Temple.
  8723 | Temple   | Entered the Ecumenical Temple
  8895 | Temple   | Became a worshipper of Hepliaklqana the Forgotten
  9187 | D:7      | Found a snail-covered altar of Cheibriados.
  9187 | D:7      | Found a sacrificial altar of Ru.
  9347 | D:7      | Found Hafan's Distillery.
  9350 | D:7      | Bought a potion of curing for 42 gold pieces
  9350 | D:7      | Bought a potion of heal wounds for 70 gold pieces
  9454 | D:10     | Entered Level 10 of the Dungeon
  9464 | D:10     | Noticed Harold
  9473 | D:10     | Killed Harold
  9474 | D:10     | Reached XP level 11. HP: 67/94 MP: 10/10
  9530 | D:10     | Found a stormy altar of Qazlal.
  9643 | D:10     | Noticed a two-headed ogre
  9651 | D:10     | Killed a two-headed ogre
  9701 | D:10     | Reached * piety under Hepliaklqana
  9727 | D:10     | Noticed a centaur warrior
  9727 | D:10     | Noticed a skeletal warrior
  9736 | D:10     | Noticed a boulder beetle
  9736 | D:10     | Noticed a green ugly thing
  9762 | D:10     | Noticed a white ugly thing
  9767 | D:10     | Noticed a tengu warrior
  9789 | D:10     | Noticed a six-headed hydra
  9922 | Abyss:1  | Cast into level 1 of the Abyss (orc)
 10002 | D:10     | Escaped the Abyss
 10148 | D:10     | Reached skill level 16 in Maces & Flails
 10735 | D:11     | Noticed Nergalle
 10747 | D:11     | Killed Nergalle
 10748 | D:11     | Reached skill level 1 in Armour
 10794 | D:11     | Found a staircase to the Lair.
 10808 | D:11     | HP: 2/87 [warg (10)]
 11397 | D:12     | Found a staircase to the Orcish Mines.
 11457 | D:12     | Reached ** piety under Hepliaklqana
 11457 | D:12     | Noticed a deep elf pyromancer
 11458 | D:12     | Remembered your ancestor Bintanath as a battlemage
 11460 | D:12     | Noticed a boulder beetle
 11463 | D:12     | Killed a deep elf pyromancer
 11471 | D:12     | Killed a boulder beetle
 11471 | D:12     | Killed from afar by an electric eel

Illustrated notes

Levels and vault maps discovered:
D:1:      tarquinn_simple_flora_water_c, layout_basic
D:2:      layout_loops_cross, serial_shops, shop, minmay_tree_intersection
D:3:      layout_basic, portal_sewer_entry_a, chequers_jeans, nrook_uturn,
          minmay_hedge_maze, nicolae_elevator_lobby_asterisk
D:4:      kennysheep_goblin_castle, layout_loops_ring, old_standard_altar,
          fedhas_altar_1, kennysheep_orc_chapel
D:5:      layout_basic, patterned_corridor, uniq_grinder, uniq_eustachio,
          uniq_crazy_yiuf_cottage, uniq_blork_the_orc
D:6:      layout_rooms
D:7:      layout_loops_ring, gammafunk_temple_overflow_statue,
          minmay_temple_entry_from_below_b, serial_shops, kennysheep_mini_moat,
          nicolae_diamond_shop, nicolae_shop_window_shopping, shop, shop
D:8:      layout_loops_corners, grunt_ministairs_6, hangedman_misty_isle
D:9:      layout_loops_ring, ebering_dispersal_statue_hall,
          small_statue_intersection, minmay_misc_feat_encased,
          lightli_orcish_oven
D:10:     layout_irregular_city, nicolae_qazlal_style_of_elements, minivault_12,
          uniq_harold
D:11:     layout_loops_ring, erik_lair_orcish_takeover, minmay_lizard_king,
          uniq_nergalle
D:12:     layout_basic, orc_0_dummy, minmay_misc_feat_diagonals
Temple:   bh_familiar_temple

Skill      XL: |  1  2  3  4  5  6  7  8  9 10 11 |
---------------+----------------------------------+-----
Maces & Flails | 1 2 3 5 6 8 10 13 15 16 | 16.8
Shields        | 4 |  4.0
Armour         | 2 |  2.3
Fighting       | 3 |  3.6
Dodging        | |  2.4
Unarmed Combat | |  2.6

Action                   |  1- 3 |  4- 6 |  7- 9 | 10-12 || total
-------------------------+-------+-------+-------+-------++-------
Melee: Unarmed           |    23 |       |       |       ||    23
       Demon whip        |    72 |   149 |   289 |   350 ||   860
       Kick              |       |       |     3 |    92 ||    95
Invok: Ancestor Life: Ba |       |       |       |     1 ||     1
  Use: Scroll            |     5 |       |    12 |     8 ||    25
       Potion            |       |       |     1 |     5 ||     6
 Stab: Distracted        |       |       |       |     1 ||     1
       Invisible         |       |       |       |     1 ||     1
Armor: Robe              |    45 |    59 |    72 |    51 ||   227
       Troll leather arm |       |       |       |     5 ||     5
Dodge: Dodged            |    46 |    41 |    92 |    81 ||   260
Block: Kite shield       |    28 |    67 |    87 |    99 ||   281

Table legend: (Time is in decaauts)
 A = Elapsed time spent in this place.
 B = Non-inter-level travel time spent in this place.
 C = Inter-level travel time spent in this place.
 D = Time resting spent in this place.
 E = Time spent auto-exploring this place.
 F = Levels seen in this place.
 G = Mean time per level.
                   A        B        C        D        E       F      G
               +--------+--------+--------+--------+--------+-----+--------+
         Total |  11390 |  10840 |    550 |    776 |   8259 |  15 |  759.3 |
       Dungeon |  10614 |  10077 |    537 |    740 |   7847 |  12 |  884.5 |
        Temple |    186 |    173 |     13 |      0 |    159 |   1 |  186.0 |
         Abyss |     75 |     75 |      0 |     36 |     11 |   1 |   75.0 |
         Sewer |    513 |    513 |      0 |      0 |    242 |   1 |  513.0 |
               +--------+--------+--------+--------+--------+-----+--------+

Top non-repeatable levels by time:
     D:3: 1284 daAuts
     D:8: 1248 daAuts
     D:9: 1175 daAuts
     D:5: 1021 daAuts
     D:4: 1001 daAuts
    D:11: 899 daAuts
    D:10: 855 daAuts
     D:7: 834 daAuts
     D:1: 740 daAuts
     D:6: 737 daAuts
     D:2: 695 daAuts
   Sewer: 513 daAuts
  Temple: 186 daAuts
    D:12: 121 daAuts
 Abyss:1: 75 daAuts
